 Dungeon Crawl Stone Soup version 0.18-a0-596-g6468885 (webtiles) character file.

1617 4thArraOfDagon the Twirler (level 8, -3/68 HPs)
             Began as a Demigod Gladiator on Dec 3, 2015.
             Slain by an orc warrior
             ... wielding a +0 glaive
              (15 damage)
             ... on level 7 of the Dungeon.
             The game lasted 00:11:06 (2143 turns).

4thArraOfDagon the Twirler (Demigod Gladiator)      Turns: 2143, Time: 00:11:07

Health: -3/68      AC: 12    Str: 18    XL:     8   Next: 37%
Magic:  10/10      EV: 10    Int: 16    God:
Gold:   180        SH:  0    Dex: 16    Spells: 0 memorised, 7 levels left

rFire  . . .     SeeInvis .     a - +0 quarterstaff
rCold  . . .     Clarity  +     g - +0 chain mail
rNeg   . . .     SustAt   +     (shield currently unavailable)
rPois  .         Gourm    .     c - +0 helmet
rElec  .         Spirit   .     (no cloak)
rCorr  .         Dismiss  .     (no gloves)
rMut   .         Stasis   .     (no boots)
MR     .....                    w - amulet of clarity
Stlth  ..........               i - +3 ring of protection
                                n - ring of wizardry

@: not resistant to hostile enchantments, extremely unstealthy
A: high mp 1, sustain attributes
a: no special abilities


You were on level 7 of the Dungeon.
You were not hungry.

You visited 1 branch of the dungeon, and saw 8 of its levels.

You collected 180 gold pieces.

Inventory:

Hand Weapons
 a - a +0 quarterstaff (weapon)
 b - the +10 rapier of Cathruefaw {pierce, rF+, unknown}
   (You found it on level 5 of the Dungeon)

   It inflicts extra damage upon your enemies.
   It protects you from fire.
Armour
 c - a +0 helmet (worn)
 g - a +0 chain mail (worn)
Jewellery
 i - a +3 ring of protection (right hand)
 n - a ring of wizardry (left hand)
 w - an amulet of clarity (around neck)
Wands
 l - a wand of enslavement (0)
 q - a wand of fire (6)
 A - a wand of confusion (37)
Scrolls
 f - 4 scrolls of identify {unknown}
 h - 2 scrolls of recharging {unknown}
 k - 2 scrolls of teleportation {unknown}
 o - 3 scrolls of remove curse {unknown}
 p - a scroll of enchant armour {unknown}
 r - a scroll of brand weapon {unknown}
 s - a scroll of fear {unknown}
 t - 2 scrolls of random uselessness {unknown}
 u - a scroll of amnesia {unknown}
 y - a scroll of fog {unknown}
Books
 m - a book of Changes

   Spells                             Type                      Level
   a - Beastly Appendage              Transmutation                1
   b - Sticks to Snakes               Transmutation                2
   c - Spider Form                    Transmutation/Poison         3
   d - Ice Form                       Ice/Transmutation            4
   e - Blade Hands                    Transmutation                5
Comestibles
 d - a chunk of flesh
 e - 3 bread rations
 j - a slice of pizza
 x - a beef jerky
 z - 3 fruits
 B - a meat ration


   Skills:
 + Level 5.0 Fighting
 * Level 7.7 Staves
 - Level 1.7 Throwing
 + Level 5.8 Dodging


You had 7 spell levels left.
You didn't know any spells.

Dungeon Overview and Level Annotations

Branches:
Dungeon (8/15)             Temple (0/1) D:4
   Lair: D:8-11

Shops:
D:7 [


Innate Abilities, Weirdness & Mutations

You have an increased reservoir of magic (+10% MP).
Your attributes are resistant to harm.


Message History

Aim: an orc warrior, wielding a glaive and wearing a chain mail (chance to defeat MR: 46%) Nothing appears to happen.
The orc wizard hits you but does no damage.
The orc wizard casts a spell at you. The puff of frost hits you!
* * * LOW HITPOINT WARNING * * *
Unknown command.
Drink which item? (? for menu, Esc to quit)
You feel better. The orc warrior closely misses you.
The orc wizard closely misses you.
Unknown command.
Evoke which item? (* to show all) (? for menu, Esc to quit)
Zapping:
A - a wand of confusion (will waste charges)
Press: ? - help, Shift-Dir - straight line, f/p - orc warrior
Aim: an orc warrior, wielding a glaive and wearing a chain mail (chance to defeat MR: 46%)
The orc warrior resists with some effort.
Evoking this partially-identified wand wasted a few charges.
The orc wizard hits you but does no damage.
The orc warrior hits you from afar with a glaive!
You die...

......###.##..#..# .##..
.................## .###.
##...#.##.##......# #. #.
#. #.##.##..#...# .# #.
#.##.##..#..###.####.
#o##........##.###.#.
#o..o.(..#...o(z.....
#(##o##<.#...#.##.#..
#o##@##..#...#.##.#..
#.##.##..............
#.##o##.##...####.#..
######.##.##.##...## #.#..
#................... .....
#.######..##.)....####.#..
#.# #..##.##..........#
#.# #..................
#.# #..#####...# #.###


You could see an orc warrior and 2 orc wizards.

Vanquished Creatures
  An ice beast (D:5)
  A necrophage (D:7)
  An orc warrior (D:6)
  2 ogres
  A centaur (D:7)
  2 giant frogs
  A scorpion (D:7)
  6 wights (D:7)
  3 crimson imps (D:5)
  3 orc priests
  An orc wizard (D:5)
  Ijyb (D:2)
  2 hounds
  A jelly (D:5)
  2 giant frog skeletons (D:5)
  7 worker ants
  5 adders
  2 oozes
  3 giant geckos
  21 orcs
  A bat (D:3)
  2 giant cockroaches
  A goblin (D:3)
  4 hobgoblins
  7 jackals
  5 kobolds
  2 quokkas
  A giant gecko skeleton (D:7)
  4 giant newts
  A quokka skeleton (D:4)
94 creatures vanquished.

Notes
Turn   | Place    | Note
--------------------------------------------------------------
     0 | D:1      | 4thArraOfDagon the Demigod Gladiator began the quest for the Orb.
     0 | D:1      | Reached XP level 1. HP: 17/17 MP: 3/3
    92 | D:2      | Reached skill level 3 in Staves
    95 | D:2      | Reached XP level 2. HP: 21/24 MP: 4/4
   137 | D:2      | Noticed Ijyb
   156 | D:2      | Killed Ijyb
   156 | D:2      | Reached XP level 3. HP: 22/29 MP: 5/5
   376 | D:4      | Noticed an ogre
   391 | D:4      | Reached XP level 4. HP: 37/37 MP: 6/6
   435 | D:4      | Reached skill level 4 in Staves
   444 | D:5      | Entered Level 5 of the Dungeon
   503 | D:8      | Noticed a two-headed ogre
   586 | D:7      | Reached XP level 5. HP: 35/44 MP: 7/7
   632 | D:6      | Noticed an orc warrior
   782 | D:7      | Reached skill level 5 in Staves
   782 | D:7      | Reached XP level 6. HP: 41/51 MP: 8/8
  1115 | D:5      | Reached XP level 7. HP: 13/58 MP: 9/9
  1131 | D:5      | Reached skill level 6 in Staves
  1164 | D:5      | Got a translucent rapier
  1258 | D:5      | Reached skill level 5 in Dodging
  1497 | D:4      | Found a shadowy altar of Dithmenos.
  1521 | D:4      | Found a staircase to the Ecumenical Temple.
  1810 | D:7      | Reached skill level 7 in Staves
  1810 | D:7      | Reached XP level 8. HP: 61/67 MP: 10/10
  1825 | D:7      | Found a burning altar of Makhleb.
  1981 | D:7      | Found Sumesch's Antique Armour Boutique.
  2024 | D:7      | Reached skill level 5 in Fighting
  2143 | D:7      | Slain by an orc warrior

Vault maps used:
D:1:      tarquinn_simple_flora_water_b, hangedman_feature_mirror
D:2:      ecumenical_altar_2, hex_large, hex_tiny, uniq_iyjb
D:3:      grunt_ministairs_6, mrwooster_statue_mirror, uniq_jessica
D:4:      fedhas_altar_4, nicolae_dithmenos_shadow_blocks,
          minmay_temple_entry_statues, first_bread, minmay_misc_feat_hallway
D:7:      minmay_overflow_temple_star_quad, serial_shops, shop, grunt_ogre_cave,
          bloody_makhleb
D:8:      grunt_potential

Action                   |  1- 3 |  4- 6 |  7- 9 || total
-------------------------+-------+-------+-------++-------
Melee: Quarterstaff      |    83 |   133 |   218 ||   434
Throw: Throwing net      |     4 |     8 |     3 ||    15
Evoke: Wand              |       |     1 |     5 ||     6
  Use: Potion            |       |     4 |     1 ||     5
 Stab: Held in net/web   |     2 |     4 |     1 ||     7
  Eat: Chunk             |       |     1 |     4 ||     5
